 Dungeon Crawl Stone Soup version 0.22-a0-40-g3d2f077 (webtiles) character file.

81 Faca the Shield-Bearer (level 4, -3/44 HPs)
             Began as a Troll Fighter on Jan 4, 2018.
             Slain by a gnoll
             ... wielding a +0 flail
              (13 damage)
             ... on level 2 of the Dungeon.
             The game lasted 00:03:29 (1316 turns).

Faca the Shield-Bearer (Troll Fighter)              Turns: 1316, Time: 00:03:30

Health: -3/44      AC:  5    Str: 24    XL:     4   Next: 19%
Magic:  3/3        EV:  8    Int:  4    God:
Gold:   61         SH:  9    Dex: 10    Spells: 3/3 levels left

rFire    . . .     SeeInvis .     - Unarmed
rCold    . . .     Gourm    +   b - +0 shield
rNeg     . . .     Faith    .   a - +0 robe
rPois    .         Spirit   .   (helmet restricted)
rElec    .         Reflect  .   (no cloak)
rCorr    .         Harm     .   (gloves unavailable)
MR       .....                  (boots unavailable)
Stlth    +.........             (no amulet)
HPRegen  0.54/turn              j - ring of wizardry
MPRegen  0.08/turn              (no ring)

@: no status effects
A: large, unfitting armour, claws 3, fast metabolism 3, gourmand, regeneration
1, shaggy fur 1, tough skin 2
a: no special abilities


You were on level 2 of the Dungeon.
You were full.

You visited 1 branch of the dungeon, and saw 3 of its levels.

You collected 61 gold pieces.

Inventory:

Armour
 a - a +0 robe (worn)
 b - a +0 shield (worn)
Jewellery
 j - a ring of wizardry (left claw)
Potions
 c - a potion of might
 e - a potion of haste
 i - a potion of resistance {unknown}
Comestibles
 d - 3 rations


   Skills:
 + Level 2.8 Fighting
 + Level 2.9 Dodging
 + Level 3.0 Shields
 + Level 2.8 Unarmed Combat


You had 3 spell levels left.
You didn't know any spells.

Dungeon Overview and Level Annotations

Branches:
Dungeon (3/15)

Altars:
Okawaru

Annotations:
D:2 Sigmund
D:3 1 transporter


Innate Abilities, Weirdness & Mutations

You are too large for most types of armour.
You have claws for hands.
Your metabolism is lightning-fast.
You like to eat raw meat.
Your natural rate of healing is unusually fast.
You are covered in fur. (AC +1)
You have very tough skin. (AC +2)


Message History

You claw the gnoll!
You kill the gnoll!
You block the rat's attack. You block the gnoll's attack.
Your shield prevents you from hitting the orc.
The rat twitches its whiskers.
You block the rat's attack. The orc hits you but does no damage.
You block the gnoll's attack.
You scratch the gnoll.
The gnoll is moderately wounded.
The rat bites you but does no damage. You block the orc's attack.
The gnoll barely misses you.
You scratch the gnoll but do no damage.
The gnoll is moderately wounded.
You block the rat's attack. You block the orc's attack.
You scratch the gnoll.
The gnoll is heavily wounded.
The rat bites you.
* * * LOW HITPOINT WARNING * * *
The gnoll hits you with a flail!
You die...

.....#
.....+
....# #...#
#...# #...#
#..g##+#+##
#.rog.....#
###@.@....#
#........
####+####


You could see Sigmund, 2 gnolls, an orc and a rat.

Vanquished Creatures
  3 gnolls
  An adder (D:2)
  A dart slug (D:1)
  A leopard gecko (D:1)
  4 bats (D:1)
  2 hobgoblins (D:1)
  8 jackals
  2 frilled lizards (D:1)
  8 goblins
  5 kobolds (D:1)
  5 rats (D:1)
40 creatures vanquished.

Notes
Turn   | Place    | Note
-------+----------+-------------------------------------------
     0 | D:1      | Faca the Troll Fighter began the quest for the Orb.
     0 | D:1      | Reached XP level 1. HP: 22/22 MP: 0/0
   101 | D:1      | Reached XP level 2. HP: 23/29 MP: 1/1
   515 | D:1      | Reached XP level 3. HP: 36/36 MP: 2/2
  1259 | D:2      | You fall through a shaft!
  1267 | D:3      | Reached skill level 3 in Shields
  1285 | D:3      | Found an iron altar of Okawaru.
  1287 | D:3      | Noticed a hippogriff
  1289 | D:3      | Found a transporter.
  1304 | D:2      | Reached XP level 4. HP: 24/44 MP: 3/3
  1311 | D:2      | Noticed Sigmund
  1316 | D:2      | Slain by a gnoll

Vault maps used:
D:1:      onia_arrival_pentagram
D:2:      chequers_ecumenical_altar_simple_redux, kennysheep_pointless_box,
          minivault_11, uniq_sigmund
D:3:      good_gods_temple_1, nicolae_ru_awakened_eye,
          gammafunk_temple_overflow_arena, first_ration,
          cheibrodos_sewer_entry_bend, glass_columns_c

Skill      XL: |  1  2  3 |
---------------+----------+-----
Shields        | 3 |  3.0
Fighting       | |  2.8
Dodging        | |  2.9
Unarmed Combat | |  2.8

Action                   |  1- 3 |  4- 6 || total
-------------------------+-------+-------++-------
Melee: Unarmed           |   124 |    10 ||   134
  Use: Scroll            |     4 |       ||     4
  Eat: Chunk             |    15 |       ||    15
Armor: Robe              |    47 |     7 ||    54
Dodge: Dodged            |    40 |     6 ||    46
Block: Shield            |    57 |    16 ||    73

Table legend:
 A = Spawn XP
 B = Non-spawn XP
 C = Spawn XP percentage of total XP
 D = Spawn monster count
 E = Non-spawn monster count
 F = Spawn count percentage of total count
 G = Total turns spent on level
                    A         B        C        D         E        F      G
               +---------+---------+-------+---------+---------+-------+---------
         Total |       0 |     116 |   0.0 |       0 |      40 |   0.0 |  1316
               +---------+---------+-------+---------+---------+-------+---------
           D:1 |       0 |      69 |   0.0 |       0 |      34 |   0.0 |  1169
           D:2 |       0 |      33 |   0.0 |       0 |       5 |   0.0 |   108
           D:3 |       0 |      14 |   0.0 |       0 |       1 |   0.0 |    39
               +---------+---------+-------+---------+---------+-------+---------
